 Dungeon Crawl Stone Soup version 0.30.0-30-g96aa6591b8 (webtiles) character file.

Game seed: 1058237101749744633

196 Ayven the Sneak (level 5, 0/30 HPs)
             Began as a Deep Elf Brigand on June 26, 2023.
             Slain by a gnoll
             ... wielding a +0 spear
             ... led by a gnoll bouda
              (1 damage)
             ... on level 4 of the Dungeon.
             The game lasted 00:16:51 (2698 turns).

Ayven the Sneak (Deep Elf Brigand)                  Turns: 2698, Time: 00:16:52

Health: 0/30       AC:  4    Str: 20    XL:     5   Next: 46%
Magic:  7/7        EV: 13    Int: 16    God:
Gold:   114        SH:  0    Dex: 18    Spells: 4/4 levels left

rFire   . . .        y - +3 dagger (drain)
rCold   . . .        (no shield)
rNeg    . . .        b - +0 robe
rPois   .            (no helmet)
rElec   .            c - +0 cloak
rCorr   .            (no gloves)
SInv    .            q - +0 pair of boots
Will    .....        h - amulet of regeneration
Stlth   +++          p - +6 ring of strength
HPRegen 1.05/turn    x - +6 ring of strength
MPRegen 0.10/turn

%: no passive effects
@: no status effects
A: no striking features
a: no special abilities


You were on level 4 of the Dungeon.
You visited 1 branch of the dungeon, and saw 4 of its levels.

You collected 114 gold pieces.

Inventory:

Hand Weapons
 a - a +2 dagger
 u - a +2 vampiric whip
 v - a +2 short sword of protection
 y - a +3 dagger of draining (weapon)
Missiles
 d - 6 poisoned darts (quivered)
Armour
 b - a +0 robe (worn)
 c - a +0 cloak (worn)
 q - a +0 pair of boots (worn)
Jewellery
 h - an amulet of regeneration (around neck)
 p - a +6 ring of strength (left hand)
 x - a +6 ring of strength (right hand)
Wands
 m - a wand of digging (2)
 t - a wand of acid (11)
 w - a wand of flame (16)
Scrolls
 e - a scroll of magic mapping {unknown}
 g - a scroll of noise {unknown}
 j - a scroll of identify
 o - a scroll of immolation {unknown}
 r - a scroll of acquirement {unknown}
 z - a scroll of teleportation {unknown}
 A - a scroll of poison {unknown}
Potions
 f - a potion of resistance {unknown}
 i - a potion of haste
 k - a potion of brilliance {unknown}
 l - a potion of flight {unknown}
 n - a potion of heal wounds {unknown}
 s - a potion of curing {unknown}


   Skills:
 - Level 1.9 Fighting
 - Level 2.2 Short Blades
 + Level 4.1 Throwing
 + Level 2.7 Dodging
 + Level 6.1 Stealth


You had 4 spell levels left.
You didn't know any spells.
Your spell library contained the following spells:

 Spells                   Type           Power      Damage    Failure   Level
 Sublimation of Blood     Necr           0%         N/A       36%         2
 Wereblood                Tmut           0%         N/A       36%         2
 Portal Projectile        Hex/Tloc       0%         N/A       58%         3
 Tukima's Dance           Hex            0%         N/A       58%         3
 Blade Hands              Tmut           0%         N/A       100%        5
 Summon Hydra             Summ           0%         N/A       100%        7


Dungeon Overview and Level Annotations

Branches:
Dungeon (4/15)
 Temple: D:4-7

Altars:
Qazlal
Ru
Uskayaw

Shops:
D:2 =


Message History

Throw: 8 darts (poison)
Press: ? - help, Q - select action, (/) - cycle Shift-Dir - straight line, f - gnoll
Aim: a gnoll, wielding a +0 spear (66% to hit)
You throw a poisoned dart. The poisoned dart hits the gnoll.
The gnoll is poisoned.
The gnoll closely misses you.
Throw: 7 darts (poison)
Press: ? - help, Q - select action, (/) - cycle Shift-Dir - straight line, f/p - gnoll
Aim: a gnoll, wielding a +0 spear (poisoned, 66% to hit)
You throw a poisoned dart.
The poisoned dart barely misses the gnoll.
The gnoll hits you from afar with a +0 spear.
The gnoll closely misses you.
The gnoll hits you from afar with a +0 spear.
An adder comes into view.
The gnoll looks more healthy.
Found a stone staircase leading up.
Found a leather armour.
The gnoll hits you from afar with a +0 spear.
The adder hisses angrily.
The gnoll hits you from afar with a +0 spear.
The gnoll barely misses you.
Found 4 gold pieces.
The adder misses you. The gnoll barely misses you.
The adder closely misses you. The adder barely misses you.
A bullfrog comes into view.
The gnoll hits you from afar with a +0 spear.
A black bear comes into view.
The adder bites you but does no damage. x2
The gnoll hits you from afar with a +0 spear!
An adder comes into view.
Found a scroll labelled QUNGEH BANA.
The bullfrog hits you.
The gnoll hits you from afar with a +0 spear!
* * * LOW HITPOINT WARNING * * *
The bullfrog attacks as you move away!
The bullfrog hits you but does no damage.
The adder bites you.
* * * LOW HITPOINT WARNING * * *
The gnoll hits you from afar with a +0 spear.
You die...

##..h.....#
#.........##
#.$........#.
#...........?
#.........#.# ...
#............ ....
##..........## ...
###....SF......S
.###.##.......@.......
<...........g.........
......................
#.....................
......................
......................
#.......##.....[....##
#.....>.########.#.##
........# ..


You could see a bullfrog, a gnoll and 2 adders.

Vanquished Creatures
  A gnoll bouda (D:3)
  Jessica (D:3)
  Ijyb (D:3)
  An adder (D:3)
  2 gnolls
  A worm (D:2)
  2 dart slugs (D:1)
  5 orcs (D:3)
  6 ball pythons
  7 bats
  8 endoplasms
  A giant cockroach (D:1)
  11 goblins
  3 hobgoblins
  6 jackals
  A quokka (D:1)
  6 frilled lizards
  8 kobolds
  2 rats
73 creatures vanquished.

Notes
Turn   | Place    | Note
-------+----------+-------------------------------------------
     0 | D:1      | Ayven the Deep Elf Brigand began the quest for the Orb.
     0 | D:1      | Reached XP level 1. HP: 12/12 MP: 3/3
    19 | D:1      | Reached skill level 5 in Stealth
   178 | D:1      | Reached XP level 2. HP: 16/16 MP: 4/4
   570 | D:1      | Reached XP level 3. HP: 20/20 MP: 5/5
  1235 | D:2      | Found Ruowunga's Jewellery Emporium.
  1571 | D:3      | Reached XP level 4. HP: 20/26 MP: 6/6
  1610 | D:3      | Noticed Ijyb
  1619 | D:3      | Killed Ijyb
  1661 | D:3      | Found a stormy altar of Qazlal.
  1731 | D:3      | Noticed Jessica
  1744 | D:3      | Killed Jessica
  1894 | D:3      | Reached XP level 5. HP: 30/30 MP: 7/7
  2077 | D:3      | Found a hide-covered altar of Uskayaw.
  2078 | D:3      | Found a sacrificial altar of Ru.
  2602 | D:3      | Reached skill level 6 in Stealth
  2695 | D:4      | Noticed a black bear
  2698 | D:4      | HP: 1/30 [adder (4)]
  2698 | D:4      | Slain by a gnoll

Illustrated notes

Levels and vault maps discovered:
D:1:      minmay_arrival_plants_in_alcoves, layout_basic,
          minmay_misc_feat_more_columns
D:2:      layout_rooms, serial_shops, nicolae_shop_tiny_real_fake_doors
D:3:      layout_basic, mainiacjoe_overflow_six_doors_small,
          grunt_temple_overflow_open, uniq_jessica, uniq_ijyb
D:4:      layout_rooms, minmay_misc_feat_columns, uniq_robin

Skill      XL: |  1  2  3  4  5 |
---------------+----------------+-----
Stealth        | 5 6 |  6.1
Throwing       | 3 4 |  4.1
Dodging        | 2 |  2.7
Fighting       | |  1.9
Short Blades   | |  2.2

Action                     |  1- 3 |  4- 6 || total
---------------------------+-------+-------++-------
  Melee: Dagger            |    89 |    44 ||   133
  Throw: Dart              |    96 |    22 ||   118
    Use: Scroll            |       |     1 ||     1
         Potion            |       |     1 ||     1
   Stab: Sleeping          |     1 |     5 ||     6
 Armour: Robe              |    29 |     5 ||    34
  Dodge: Dodged            |    71 |    40 ||   111
